 Dungeon Crawl Stone Soup version 0.27-a0-96-gb51a1d6fd6 (webtiles) character file.

Game seed: 530233622466353202

137 Essalna the Magician (level 5, -4/28 HPs)
             Began as a Deep Elf Air Elementalist on Jan 20, 2021.
             Slain by an ogre
             ... wielding a +0 giant spiked club
              (27 damage)
             ... on level 3 of the Dungeon.
             The game lasted 00:03:55 (2833 turns).

Essalna the Magician (Deep Elf Air Elementalist)    Turns: 2833, Time: 00:03:56

Health: -4/28      AC:  3    Str:  5    XL:     5   Next: 0%
Magic:  12/14      EV: 13    Int: 21    God:
Gold:   161        SH:  0    Dex: 15    Spells: 12/13 levels left

rFire    . . .     SeeInvis .   o - staff of death
rCold    + . .     Faith    .   (no shield)
rNeg     + . .     Spirit   .   a - +0 robe
rPois    .         Reflect  .   (no helmet)
rElec    .         Harm     .   (no cloak)
rCorr    .         Rampage  .   g - +0 pair of gloves
Will     .....                  (no boots)
Stlth    ++........             (no amulet)
HPRegen  0.09/turn              c - ring of protection from cold
MPRegen  0.14/turn              (no ring)

@: no status effects
A: no striking features
a: no special abilities


You were on level 3 of the Dungeon.
You visited 1 branch of the dungeon, and saw 4 of its levels.

You collected 161 gold pieces.

Inventory:

Hand Weapons
 f - a +0 trident
Armour
 a - a +0 robe (worn)
 g - a +0 pair of gloves (worn)
Magical Staves
 o - an uncursed staff of death (weapon)
Jewellery
 c - a ring of protection from cold (left hand)
Scrolls
 b - 2 scrolls of teleportation {unknown}
 e - a scroll of fog {unknown}
 h - 2 scrolls of fear {unknown}
 i - a scroll of noise {unknown}
 k - 2 scrolls of remove curse {unknown}
 m - a scroll of enchant armour {unknown}
 n - 2 scrolls of identify {unknown}
 p - a scroll of blinking {unknown}
 q - a scroll of enchant weapon {unknown}
Potions
 d - a potion of might {unknown}
 j - a potion of degeneration {unknown}
 l - a potion of curing {unknown}


   Skills:
 - Level 2.4 Dodging
 - Level 2.4 Stealth
 + Level 4.8 Spellcasting
 - Level 3.0 Conjurations
 + Level 4.1 Air Magic


You had 12 spell levels left.
You knew the following spells:

 Your Spells              Type           Power        Failure   Level
a - Shock                 Conj/Air       80%          2%          1

Your spell library contained the following spells:

 Spells                   Type           Power        Failure   Level
 Swiftness                Air            22%          3%          2
 Static Discharge         Conj/Air       20%          8%          3
 Airstrike                Air            11%          21%         4
 Lightning Bolt           Conj/Air       10%          56%         5


Dungeon Overview and Level Annotations

Branches:
Dungeon (4/15)
 Temple: D:4-7

Altars:


Message History

The zap misses the leopard gecko. x2; The zap misses you.
The leopard gecko bites you but does no damage.
You closely miss the leopard gecko.
The leopard gecko is severely wounded.
The leopard gecko bites you.
The leopard gecko bites you but does no damage.
You hit the leopard gecko.
You kill the leopard gecko!
You have reached level 5!
The ogre closely misses you.
You climb upwards.
There is a stone staircase leading down here.
Aiming: Shock (safe; 2% risk of failure)
Press: ? - help, Q - select action Shift-Dir - straight line, f - ogre
Aim: an ogre, wielding a +0 giant spiked club (14% to evade)
The zap hits the ogre.
The ogre is lightly wounded.
The ogre hits you with a +0 giant spiked club!!
Ouch! That really hurt!
You die...

..>...............#
..................#
#...##........>...#
....####.........##
##..## ##.......##
##...# ###..##..#
#....## #..###.#
#..#..# ##..###O#
#..##.# #.....#@#
...##.# #.....#.#
..###.# #.....#.#
....#.#######....#
............#....#
............#....#
.................#
.#........รท......#
................##


You could see an ogre.

Vanquished Creatures
  An orc wizard (D:3)
  3 adders
  An ooze (D:4)
  3 worms (D:2)
  2 dart slugs
  2 leopard geckos
  3 orcs
  2 giant cockroaches
  6 goblins
  9 hobgoblins
  A jackal (D:1)
  8 kobolds
  A quokka (D:3)
  2 ball pythons
  8 bats
  A frilled lizard (D:1)
  5 rats
58 creatures vanquished.

Notes
Turn   | Place    | Note
-------+----------+-------------------------------------------
     0 | D:1      | Essalna the Deep Elf Air Elementalist began the quest for
                  | the Orb.
     0 | D:1      | Reached XP level 1. HP: 10/10 MP: 6/6
   235 | D:1      | Reached XP level 2. HP: 15/15 MP: 4/8
   931 | D:1      | Reached XP level 3. HP: 19/19 MP: 7/10
  1501 | D:2      | Found a faded altar of an unknown god.
  2097 | D:3      | Reached XP level 4. HP: 24/24 MP: 7/12
  2817 | D:4      | Noticed an ogre
  2825 | D:4      | Reached XP level 5. HP: 23/28 MP: 12/14
  2833 | D:3      | Slain by an ogre

Illustrated notes

Levels and vault maps discovered:
D:1:      eino_arrival_druids_welcome, layout_basic, st_stairs_11, minivault_5
D:2:      layout_loops_ring, chequers_ecumenical_altar_island
D:3:      layout_rooms
D:4:      layout_loops_ring, serial_shops, nicolae_shop_statue_plus,
          serial_forest, infiniplex_forest_zigzag_1, infiniplex_forest_lined_1,
          infiniplex_forest_lined_ring, infiniplex_forest_clump_tiny,
          infiniplex_forest_end_3, infiniplex_forest_clump_tiny,
          infiniplex_forest_lined_ring, uniq_edmund, uniq_grinder

Skill      XL: |  1  2  3  4 |
---------------+-------------+-----
Conjurations   | 2 3 |  3.0
Spellcasting   | 4 |  4.8
Air Magic      | 4 |  4.1
Dodging        | |  2.4
Stealth        | |  2.4

Action                   |  1- 3 |  4- 6 || total
-------------------------+-------+-------++-------
Melee: Trident           |    13 |       ||    13
       Staff             |       |     2 ||     2
 Cast: Shock             |    91 |    52 ||   143
Armor: Robe              |     3 |     2 ||     5
Dodge: Dodged            |    10 |     4 ||    14

Table legend: (Time is in decaauts)
 A = Elapsed time spent in this place.
 B = Non-inter-level travel time spent in this place.
 C = Inter-level travel time spent in this place.
 D = Time resting spent in this place.
 E = Time spent auto-exploring this place.
 F = Levels seen in this place.
 G = Mean time per level.
                   A        B        C        D        E       F      G
               +--------+--------+--------+--------+--------+-----+--------+
         Total |   2840 |   2746 |     94 |    132 |   2334 |   4 |  710.0 |
       Dungeon |   2840 |   2746 |     94 |    132 |   2334 |   4 |  710.0 |
               +--------+--------+--------+--------+--------+-----+--------+

Top non-repeatable levels by time:
     D:1: 1033 daAuts
     D:2: 1029 daAuts
     D:3: 730 daAuts
     D:4: 46 daAuts
